 Dungeon Crawl Stone Soup version 0.32-a0-411-g744942f433 (webtiles) character file.

Game seed: 1544866962460739626

67 lunkers the Shooter (level 4, -1/33 HPs)
             Began as a Coglin Hunter on Feb 21, 2024.
             Slain by a ribbon worm (6 damage)
             ... on level 2 of the Dungeon.
             The game lasted 00:02:10 (818 turns).

lunkers the Shooter (Coglin Hunter)                  Turns: 818, Time: 00:02:10

Health: -1/33      AC:  3    Str: 13    XL:     4   Next: 16%
Magic:  4/4        EV: 12    Int:  9    God:
Gold:   67         SH:  0    Dex: 17    Spells: 3/3 levels left

rFire   . . .        a - +0 shortbow {Chun}
rCold   . . .        (shield currently unavailable)
rNeg    . . .        c - +0 leather armour
rPois   .            (no helmet)
rElec   .            (no cloak)
rCorr   .            (no gloves)
SInv    .            (no boots)
Will    .....        (no amulet)
Stlth   ++           (no ring)
HPRegen 0.25/turn    (no ring)
MPRegen 0.09/turn

%: no passive effects
@: revving
A: off-hand wielding, slow wielding, warmup strikes, legs shutdown
a: no special abilities


You were on level 2 of the Dungeon.
You visited 1 branch of the dungeon, and saw 2 of its levels.

You collected 67 gold pieces.

Inventory:

Hand Weapons
 a - a +0 shortbow (weapon) {Chun}
Armour
 c - a +0 leather armour (worn)
Scrolls
 b - a scroll of butterflies
 d - a scroll of teleportation {unknown}
 f - 3 scrolls of enchant weapon {unknown}
 g - a scroll of identify {unknown}
 j - a scroll of poison {unknown}
 l - a scroll of fear {unknown}
Potions
 e - a potion of curing {unknown}
 h - a potion of cancellation {unknown}
 i - a potion of brilliance {unknown}
 k - a potion of might {unknown}


   Skills:
 - Level 2.0 Fighting
 * Level 5.1 Ranged Weapons
 - Level 1.7 Dodging
 - Level 0.7 Stealth


You had 3 spell levels left.
You didn't know any spells.
Your spell library contained the following spells:

 Spells                   Type           Power      Damage    Failure   Level
 Sandblast                Erth           0%         2d4       45%         1
 Hailstorm                Conj/Ice       0%         3d5       83%         3
 Passwall                 Erth           0%         N/A       83%         3
 Stone Arrow              Conj/Erth      0%         3d7       83%         3
 Summon Ice Beast         Ice/Summ       0%         N/A       83%         3
 Brom's Barrelling Bould  Conj/Erth      0%         2d3       99%         4
 Sculpt Simulacrum        Ice/Alch       0%         N/A       100%        6


Dungeon Overview and Level Annotations

Branches:
Dungeon (2/15)

Altars:


Innate Abilities, Weirdness & Mutations

You can wield a second weapon in your off-hand.
It takes a long time for you to wield or remove held weapons.
Your first few attacks do less damage.
Attacking and casting redirects power from your legs.


Message History

The stream of webbing hits you but does no damage.
You are caught in a web!
You cannot shoot with your shortbow while caught in a web.
Unknown command.
Unknown command.
You cannot shoot with your shortbow while caught in a web.
Unknown command.
Unknown command.
You cannot shoot with your shortbow while caught in a web.
The web tears apart.
The endoplasm freezes you.
You are frozen.
* * * LOW HITPOINT WARNING * * *
The ribbon worm bites you.
* * * LOW HITPOINT WARNING * * *
Fire: a) +0 shortbow {Chun}
Press: ? - help, Q - select action Shift-Dir - straight line, f/p - ribbon worm
Aim: a ribbon worm (moderately wounded, 80% to hit)
You shoot an arrow.
The arrow barely misses the ribbon worm.
The arrow hits the endoplasm.
You kill the endoplasm!
The ribbon worm expels a string of sticky webbing.
The stream of webbing hits you but does no damage.
You are caught in a web!
Unknown command.
You cannot shoot with your shortbow while caught in a web.
Unknown command.
Unknown command.
You struggle to detach yourself from the web.
The ribbon worm bites you.
* * * LOW HITPOINT WARNING * * *
You struggle to detach yourself from the web.
The ribbon worm bites you.
* * * LOW HITPOINT WARNING * * *
The web tears apart.
Unknown command.
The ribbon worm attacks as it pursues you!
The ribbon worm bites you.
You die...

.....#....#........
.....#....#.##..#.#
#.)......#####.#
#.#....#.....
#.#####....#.####
#.......#### # .
#.#####.####.# #
#######......#
#..@w.....####
#.####).#.# #
....#... ###.######
... ...# .####


You could see a ribbon worm (catching breath).

Vanquished Creatures
  2 dart slugs (D:1)
  A ball python (D:1)
  An endoplasm (D:2)
  5 goblins
  2 hobgoblins (D:1)
  4 jackals (D:1)
  3 quokkas (D:1)
  6 bats (D:1)
  4 frilled lizards
  2 kobolds
  6 rats (D:1)
36 creatures vanquished.

Notes
Turn   | Place    | Note
-------+----------+-------------------------------------------
     0 | D:1      | lunkers the Coglin Hunter began the quest for the Orb.
     0 | D:1      | Reached XP level 1. HP: 16/16 MP: 1/1
    24 | D:1      | Reached skill level 4 in Ranged Weapons
    24 | D:1      | Reached XP level 2. HP: 22/22 MP: 2/2
    84 | D:1      | Reached XP level 3. HP: 24/27 MP: 3/3
    98 | D:1      | Noticed a shining eye
   100 | D:1      | Found a faded altar of an unknown god.
   102 | D:1      | Noticed a glass eye
   102 | D:1      | Noticed a golden eye
   102 | D:1      | Noticed a golden eye
   536 | D:1      | Reached skill level 5 in Ranged Weapons
   536 | D:1      | Reached XP level 4. HP: 33/33 MP: 4/4
   818 | D:2      | Slain by a ribbon worm

Illustrated notes

Levels and vault maps discovered:
D:1:      dpeg_arrival_subterranean_lakeside_camping, layout_basic,
          hellmonk_ecumenical_altar_watching_god, serial_bayou_lagoon_b
D:2:      cheibrodos_greedy_goblins, layout_basic

Skill      XL: |  1  2  3 |
---------------+----------+-----
Ranged Weapons | 4 5 |  5.1
Fighting       | |  2.0
Dodging        | |  1.7
Stealth        | |  0.7

Action                     |  1- 3 |  4- 6 || total
---------------------------+-------+-------++-------
   Fire: Shortbow          |    76 |    25 ||   101
 Armour: Leather armour    |    23 |    12 ||    35
  Dodge: Dodged            |    19 |    11 ||    30

Table legend: (Time is in decaauts)
 A = Elapsed time spent in this place.
 B = Non-inter-level travel time spent in this place.
 C = Inter-level travel time spent in this place.
 D = Time resting spent in this place.
 E = Time spent auto-exploring this place.
 F = Levels seen in this place.
 G = Mean time per level.
                   A        B        C        D        E       F      G
               +--------+--------+--------+--------+--------+-----+--------+
         Total |    846 |    795 |     51 |      0 |    610 |   2 |  423.0 |
       Dungeon |    846 |    795 |     51 |      0 |    610 |   2 |  423.0 |
               +--------+--------+--------+--------+--------+-----+--------+

Top non-repeatable levels by time:
     D:1: 738 daAuts
     D:2: 108 daAuts
